 Dungeon Crawl Stone Soup version 0.23-a0-650-ga4d50d4d25 (webtiles) character file.

18 Chiseanne the Magician (level 2, -1/23 HPs)
             Began as a Gnoll Wanderer on Jan 5, 2019.
             Slain by Natasha (11 damage)
             ... on level 3 of the Dungeon.
             The game lasted 00:04:36 (717 turns).

Chiseanne the Magician (Gnoll Wanderer)              Turns: 717, Time: 00:04:37

Health: -1/23      AC:  4    Str: 20    XL:     2   Next: 70%
Magic:  10/10      EV: 11    Int: 12    God:
Gold:   76         SH:  0    Dex: 15    Spells: 14/15 levels left

rFire    . . .     SeeInvis .   a - +1 dagger (holy)
rCold    . . .     Gourm    .   (no shield)
rNeg     . . .     Faith    .   q - +0 leather armour
rPois    .         Spirit   .   (no helmet)
rElec    .         Reflect  .   o - +0 cloak
rCorr    .         Harm     .   (no gloves)
MR       .....                  (no boots)
Stlth    +.........             (no amulet)
HPRegen  0.07/turn              n - ring of flight
MPRegen  0.12/turn              (no ring)

@: mighty
A: distributed training, fangs 1, strong nose
a: Evoke Flight


You were on level 3 of the Dungeon.
You were not hungry.

You visited 1 branch of the dungeon, and saw 3 of its levels.

You collected 76 gold pieces.

Inventory:

Hand Weapons
 a - a +1 dagger of holy wrath (weapon)
 e - a +0 club
Missiles
 l - 45 arrows
 p - 16 bolts
Armour
 o - a +0 cloak (worn)
 q - a +0 leather armour (worn)
Jewellery
 n - a ring of flight (left hand)
Scrolls
 d - a scroll of enchant weapon {unknown}
 i - a scroll of teleportation {unknown}
 k - a scroll of remove curse {unknown}
 m - 3 scrolls of identify {unknown}
Potions
 b - a potion of curing
 c - a potion of heal wounds {unknown}
 g - a potion of mutation {unknown}
Comestibles
 f - 3 rations
 j - a chunk of flesh


   Skills:
 + Level 2.5 Fighting
 + Level 0.5 Short Blades
 + Level 0.5 Long Blades
 + Level 0.5 Axes
 + Level 0.5 Maces & Flails
 + Level 0.5 Polearms
 + Level 0.5 Staves
 + Level 0.5 Slings
 + Level 0.5 Bows
 + Level 0.5 Crossbows
 + Level 2.5 Throwing
 + Level 0.5 Armour
 + Level 0.5 Dodging
 + Level 0.5 Stealth
 + Level 0.5 Shields
 + Level 4.5 Unarmed Combat
 + Level 7.1 Spellcasting
 + Level 0.3 Conjurations
 + Level 0.3 Hexes
 + Level 0.3 Charms
 + Level 0.3 Summonings
 + Level 0.3 Necromancy
 + Level 0.3 Translocations
 + Level 2.0 Transmutations
 + Level 0.3 Fire Magic
 + Level 2.0 Ice Magic
 + Level 0.3 Air Magic
 + Level 0.3 Earth Magic
 + Level 0.3 Poison Magic
 + Level 0.6 Invocations
 + Level 2.5 Evocations


You had 14 spell levels left.
You knew the following spells:

 Your Spells              Type           Power        Failure   Level  Hunger
a - Magic Dart            Conj           #...         17%         1    None

Your spell library contained the following spells:

 Spells                   Type           Power        Failure   Level  Hunger
 Freeze                   Ice            #...         9%          1    None
 Throw Frost              Conj/Ice       #.....       19%         2    #......
 Ozocubu's Armour         Chrm/Ice       #.......     34%         3    ###....
 Stone Arrow              Conj/Erth      #.....       45%         3    ###....
 Summon Ice Beast         Ice/Summ       #.......     75%         4    ####...
 Throw Icicle             Conj/Ice       #.......     75%         4    ####...


Dungeon Overview and Level Annotations

Branches:
Dungeon (3/15)

Altars:

Annotations:
D:3 Natasha


Innate Abilities, Weirdness & Mutations

Your experience applies equally to all skills.
You have very sharp teeth.
Your uncanny sense of smell can sniff out nearby items.


Message History

Natasha mumbles some strange words.
You hit Natasha.
Natasha is lightly wounded.
Natasha casts a spell.
You feel very mighty all of a sudden. Natasha barely misses you.
The shadow imp grins evilly.
You hit Natasha but do no damage.
Natasha is lightly wounded.
Natasha claws you!
Ouch! That really hurt!
The crimson imp hits you.
You barely miss Natasha.
Natasha is lightly wounded.
Natasha misses you. The crimson imp barely misses you.
You feel better. Natasha closely misses you. The crimson imp hits you.
You puncture Natasha!
Natasha is heavily wounded.
Natasha claws you!
You die...

#<..# #.#.# #
#.# .. #.#.#
#.. #.#.####.#.
#........# #
##...######.###
#.....(.5......
###....@h5.....
#.#####.#....
... .. . .)#.
..# #.#... ...
# # ## .# #


You could see Natasha, a crimson imp and a shadow imp.

Vanquished Creatures
  A dart slug (D:1)
  A leopard gecko (D:1)
  A giant cockroach (D:1)
  2 goblins
  4 hobgoblins
  A kobold (D:1)
  3 frilled lizards
  2 rats (D:1)
15 creatures vanquished.

Notes
Turn   | Place    | Note
-------+----------+-------------------------------------------
     0 | D:1      | Chiseanne the Gnoll Wanderer began the quest for the Orb.
     0 | D:1      | Chiseanne set off with the following items: a potion of
                  | curing, a +0 robe, a +0 club, a ration; and the following
                  | spells available to memorise: Freeze, Magic Dart, Throw
                  | Frost, Ozocubu's Armour, Stone Arrow, Summon Ice Beast,
                  | Throw Icicle
     0 | D:1      | Reached XP level 1. HP: 17/17 MP: 8/8
   115 | D:1      | Learned a level 1 spell: Magic Dart
   144 | D:1      | Reached XP level 2. HP: 16/23 MP: 6/10
   707 | D:3      | Noticed Natasha
   712 | D:3      | Noticed a crimson imp
   717 | D:3      | Slain by Natasha

Vault maps used:
D:1:      lightli_molten_gateway, minmay_misc_feat_cross
D:3:      portal_sewer_entry_f, gammafunk_ghost_gnarly_gnolls, uniq_natasha

Skill      XL: |  1 |
---------------+----+-----
Transmutations | 2 |  2.0
Ice Magic      | 2 |  2.0
Fighting       | |  2.5
Short Blades   | |  0.5
Long Blades    | |  0.5
Axes           | |  0.5
Maces & Flails | |  0.5
Polearms       | |  0.5
Staves         | |  0.5
Slings         | |  0.5
Bows           | |  0.5
Crossbows      | |  0.5
Throwing       | |  2.5
Armour         | |  0.5
Dodging        | |  0.5
Stealth        | |  0.5
Shields        | |  0.5
Unarmed Combat | |  4.5
Spellcasting   | |  7.1
Conjurations   | |  0.3
Hexes          | |  0.3
Charms         | |  0.3
Summonings     | |  0.3
Necromancy     | |  0.3
Translocations | |  0.3
Fire Magic     | |  0.3
Air Magic      | |  0.3
Earth Magic    | |  0.3
Poison Magic   | |  0.3
Invocations    | |  0.6
Evocations     | |  2.5

Action                   || total
-------------------------++-------
Melee: Unarmed           ||    22
       Dagger            ||    20
       Bite              ||     3
       Punch             ||     1
 Cast: Magic Dart        ||     1
  Use: Potion            ||     2
 Stab: Sleeping          ||     3
Armor: Robe              ||     2
Dodge: Dodged            ||    24

Table legend:
 A = Non-vault XP
 B = Vault XP
 C = Vault XP percentage of total XP
 D = Non-vault monster count
 E = Vault monster count
 F = Vault count percentage of total count
                 A         B        C        D         E       F
            +---------+---------+-------+---------+---------+-------
      Total |      27 |       0 |   0.0 |      15 |       0 |   0.0
            +---------+---------+-------+---------+---------+-------
        D:1 |      19 |       0 |   0.0 |      10 |       0 |   0.0
        D:2 |       7 |       0 |   0.0 |       4 |       0 |   0.0
        D:3 |       1 |       0 |   0.0 |       1 |       0 |   0.0
            +---------+---------+-------+---------+---------+-------
